 Dungeon Crawl Stone Soup version 0.17-a0-1181-gabc46e6 (webtiles) character file.

3856 wotan the Grappler (level 10, -6/84 HPs)
             Began as a Ghoul Monk on May 31, 2015.
             Was a Priest of Makhleb.
             Mangled by a wyvern (12 damage)
             ... on level 8 of the Dungeon.
             The game lasted 00:39:52 (7162 turns).

wotan the Grappler (Ghoul Monk)                     Turns: 7162, Time: 00:39:53

Health: -6/84      AC: 12    Str: 16    XL:     10   Next: 18%
Magic:  14/14      EV: 10    Int:  5    God:    Makhleb [***...]
Gold:   518        SH:  0    Dex: 14    Spells: 0 memorised, 9 levels left

rFire  . . .     SeeInvis .       - Unarmed
rCold  + + .     Clarity  .     t - +0 scale mail {rC+}
rNeg   + + +     SustAt   .     (no shield)
rPois  ∞         Gourm    .     p - +1 helmet
rElec  .         Spirit   .     z - +0 cloak
rCorr  .         Warding  .     (no gloves)
rMut   +         Stasis   .     v - +0 pair of boots
MR     .....                    q - amulet of resist mutation
Stlth  +.........               (no ring)
                                (no ring)

@: rotting, not resistant to hostile enchantments, very unstealthy
A: rotting body, claws 1, carnivore 3, cold resistance 1, negative energy
resistance 3, slow healing 1, torment resistance, unbreathing
a: Minor Destruction, Lesser Servant of Makhleb, Renounce Religion


You were on level 8 of the Dungeon.
You worshipped Makhleb.
Makhleb was most pleased with you.
You were not hungry.

You visited 2 branches of the dungeon, and saw 9 of its levels.

You collected 518 gold pieces.

Inventory:

Missiles
 e - 266 stones (quivered)
Armour
 o - a +0 leather armour of cold resistance
 p - a +1 helmet (worn)
 t - a +0 scale mail of cold resistance (worn)
 v - a +0 pair of boots (worn)
 z - a +0 cloak (worn)
Jewellery
 q - an amulet of resist mutation (around neck)
Magical devices
 j - a wand of heal wounds (5)
 u - a wand of random effects (1)
Scrolls
 g - 2 scrolls of remove curse
 i - a scroll of fear
 k - 3 scrolls of teleportation
 r - 2 scrolls of magic mapping
 y - a scroll of holy word {unknown}
Potions
 a - a potion of agility
 c - 2 potions of brilliance
 h - a potion of haste
 m - a potion of curing
 s - a potion of heal wounds {unknown}
Books
 f - a book of Alchemy

   Spells                             Type                      Level
   a - Sublimation of Blood           Necromancy                   2
   b - Ignite Poison                  Fire/Transmutation/Poison    3
   c - Alistair's Intoxication        Transmutation/Poison         4
   d - Condensation Shield            Ice                          4
   e - Petrify                        Transmutation/Earth          4
   f - Irradiate                      Conjuration/Transmutation    5
 l - a book of Beasts

   Spells                             Type                      Level
   a - Summon Butterflies             Summoning                    1
   b - Call Canine Familiar           Summoning                    3
   c - Summon Ice Beast               Ice/Summoning                4
   d - Summon Mana Viper              Hexes/Summoning              5
   e - Summon Hydra                   Summoning                    7
Comestibles
 b - 2 meat rations
 d - 2 beef jerkies
 w - 3 chunks of flesh


   Skills:
 - Level 6.3 Fighting
 - Level 5.7 Armour
 - Level 2.8 Dodging
 - Level 2.2 Stealth
 - Level 11.4 Unarmed Combat
 + Level 7.0 Invocations


You had 9 spell levels left.
You didn't know any spells.

Dungeon Overview and Level Annotations

Branches:
Dungeon (8/15)             Temple (1/1) D:4
   Lair: D:8-11

Altars:
Ashenzari
Cheibriados
Elyvilon
Fedhas
Kikubaaqudgha
Makhleb
Nemelex Xobeh
Okawaru
Qazlal
Ru
Sif Muna
Trog
Vehumet
Xom
Yredelemnul
The Shining One

Annotations:
D:6 Prince Ribbit


Innate Abilities, Weirdness & Mutations

Your body is rotting away.
You thrive on raw meat.
You are immune to poison.
You have sharp fingernails.
You are carnivorous and can eat meat at any time.
Your flesh is cold resistant.
You are immune to negative energy.
You heal slowly when monsters are visible.
You are immune to unholy pain and torment.
You can survive without breathing.


Message History

Use which ability? (? or * to list)
Okay, then.
Use which ability? (? or * to list)
A demon appears!
You feel slightly more hungry. The wyvern barely misses you.
The wyvern bites you!
* * * LOW HITPOINT WARNING * * *
Drink which item? (? for menu, Esc to quit)
You feel better.
The wyvern bites you but does no damage.
The scorpion closely misses your orange demon.
Your orange demon stings the wyvern but does no damage.
Your orange demon completely misses the wyvern.
You barely miss the wyvern. You claw the wyvern.
The wyvern is lightly wounded.
The wyvern bites you.
* * * LOW HITPOINT WARNING * * *
The scorpion stings your orange demon but does no damage.
Use which ability? (? or * to list)
A demon appears!
You feel slightly more hungry. The wyvern bites you!
You die...

##≈.._..§## ##....
#⌠≈.....≈⌠# ##)..
#≈≈≈§§≈≈# # ##..
#≈####§####≈#### ##'
#≈≈≈§≈.§≈≈§≈...# #.
?....##.#.##.##.# #.
##.# #.s4## #.# ##!
#
###l##.##.########..
#@##..............
#.#####.######.#.<
#3#####.# #.##.
#.......# #....
######### #####


You could see a wyvern, a scorpion, a friendly orange demon and a friendly
neqoxec.

Vanquished Creatures
  Pikel (D:6)
  The ghost of Fluffy the Skirmisher, an experienced DsFi of Okawaru (D:4)
  Grinder (D:5)
  Sigmund (D:5)
  Edmund (D:6)
  A necrophage (D:8)
  A black bear (D:7)
  A sky beast (D:8)
  A wasp (D:8)
  2 centaurs
  2 ogres
  3 phantoms
  Blork the orc (D:5)
  2 giant frogs
  2 scorpions
  A vampire bat (D:2)
  5 killer bees (D:7)
  A crimson imp (D:5)
  2 orc priests
  3 hounds
  3 jellies
  A centaur zombie (D:7)
  10 orc wizards
  3 iguanas
  A centaur skeleton (D:6)
  4 worker ants
  A worker ant zombie (D:5)
  15 adders
  2 shadow imps (D:6)
  An ooze (D:3)
  An adder zombie (D:8)
  3 worms
  24 orcs
  6 bat skeletons
  5 bat zombies
  5 giant cockroaches
  21 goblins
  14 hobgoblins
  10 jackals
  16 kobolds
  3 quokkas
  2 ball pythons
  9 bats
  2 giant geckos
  8 giant newts
  A jackal zombie (D:5)
  A quokka zombie (D:8)
  11 rats
216 creatures vanquished.

Vanquished Creatures (others)
  4 jackals (D:6)
  A giant newt (D:6)
5 creatures vanquished.

Grand Total: 221 creatures vanquished

Notes
Turn   | Place    | Note
--------------------------------------------------------------
     0 | D:1      | wotan the Ghoul Monk began the quest for the Orb.
     0 | D:1      | Reached XP level 1. HP: 19/19 MP: 0/0
   237 | D:1      | Reached XP level 2. HP: 26/26 MP: 1/1
   350 | D:1      | Reached skill level 5 in Unarmed Combat
   545 | D:1      | Reached XP level 3. HP: 27/31 MP: 2/2
  1032 | D:2      | Found an ancient bone altar of Kikubaaqudgha.
  1068 | D:2      | Reached skill level 6 in Unarmed Combat
  1068 | D:2      | Reached XP level 4. HP: 19/37 MP: 3/3
  1682 | D:2      | Reached XP level 5. HP: 22/45 MP: 4/4
  1857 | D:3      | Reached skill level 7 in Unarmed Combat
  2020 | D:3      | Reached XP level 6. HP: 42/50 MP: 5/5
  2309 | D:3      | Found a glowing golden altar of the Shining One.
  2428 | D:3      | Found a shimmering altar of Xom.
  2484 | D:4      | Noticed Fluffy's ghost (experienced DsFi)
  2499 | D:3      | Reached skill level 8 in Unarmed Combat
  2865 | D:4      | Reached XP level 7. HP: 38/57 MP: 6/6
  2962 | D:5      | Entered Level 5 of the Dungeon
  2980 | D:5      | Reached skill level 1 in Armour
  3036 | D:5      | Noticed Sigmund
  3224 | D:5      | Noticed Grinder
  3246 | D:5      | Killed Grinder
  3379 | D:5      | Noticed Prince Ribbit
  3633 | D:6      | Reached XP level 8. HP: 60/63 MP: 7/7
  3999 | D:5      | Reached skill level 5 in Armour
  4150 | D:5      | Noticed Blork the orc
  4159 | D:5      | Killed Blork the orc
  4370 | D:5      | Killed Sigmund
  4370 | D:5      | Reached skill level 5 in Fighting
  4549 | D:6      | Noticed Pikel
  4601 | D:6      | Noticed Edmund
  4610 | D:6      | Killed Edmund
  4610 | D:6      | Reached skill level 9 in Unarmed Combat
  4877 | D:6      | Killed Pikel
  4877 | D:6      | Reached skill level 10 in Unarmed Combat
  4877 | D:6      | Reached XP level 9. HP: 73/76 MP: 8/8
  4919 | D:6      | Identified a scroll of acquirement
  5536 | D:4      | Killed Fluffy's ghost
  5536 | D:4      | Reached skill level 11 in Unarmed Combat
  5589 | D:4      | Found a staircase to the Ecumenical Temple.
  5602 | Temple   | Entered the Ecumenical Temple
  5830 | Temple   | Became a worshipper of Makhleb the Destroyer
  5830 | Temple   | Acquired Makhleb's first power
  5830 | Temple   | Acquired Makhleb's second power
  6013 | D:7      | Reached skill level 1 in Invocations
  6760 | D:8      | Reached skill level 5 in Invocations
  6760 | D:8      | Reached XP level 10. HP: 77/84 MP: 12/12
  6977 | D:8      | Acquired Makhleb's third power
  7137 | D:8      | Found a bloodstained altar of Trog.
  7162 | D:8      | Mangled by a wyvern

Vault maps used:
D:1:      tarquinn_simple_flora_water_e, minmay_misc_feat_four_crosses,
          minmay_misc_feat_more_columns
D:2:      kennysheep_vampire_church
D:3:      xom_teletrap_fun, nicolae_overflow_hidden_temple, first_bread,
          hangedman_glass_teeth
D:4:      minmay_temple_entry_poolview, minivault_25
D:5:      uniq_blork_the_orc, uniq_prince_ribbit1, uniq_sigmund, uniq_grinder
D:6:      lemuel_ice_spiral_2, uniq_edmund, uniq_pikel
D:8:      lightli_temple_of_fire
Temple:   oiseaux_autumnal_temple_12

Action                   |  1- 3 |  4- 6 |  7- 9 | 10-12 || total
-------------------------+-------+-------+-------+-------++-------
Melee: Unarmed           |   113 |   177 |   400 |    70 ||   760
Throw: Stone             |     6 |     8 |       |       ||    14
Invok: Lesser Servant of |       |       |       |     2 ||     2
  Use: Scroll            |       |     6 |    12 |     2 ||    20
       Potion            |       |       |       |     1 ||     1
 Stab: Sleeping          |     1 |     1 |       |       ||     2
  Eat: Chunk             |     8 |     9 |    21 |     1 ||    39
